 Dungeon Crawl Stone Soup version 0.19-a0-160-gd53b84c (webtiles) character file.

2292 Kidiri the Magician (level 9, -6/58 HPs)
             Began as a High Elf Fire Elementalist on May 21, 2016.
             Killed by Freeze
             ... invoked by Sagrath01's ghost
              (10 damage)
             ... on level 7 of the Dungeon.
             The game lasted 00:21:14 (9054 turns).

Kidiri the Magician (High Elf Fire Elementalist)    Turns: 9054, Time: 00:21:15

Health: -6/58      AC: 10    Str:  7    XL:     9   Next: 17%
Magic:  13/20      EV: 16    Int: 23    God:
Gold:   337        SH:  0    Dex: 19    Spells: 6 memorised, 4 levels left

rFire  . . .     SeeInvis .     g - +3 mace (protect)
rCold  . . .     Gourm    .     k - +0 leather armour
rNeg   . . .     Faith    .     (no shield)
rPois  +         Spirit   .     (no helmet)
rElec  .         Dismiss  .     m - +0 cloak
rCorr  .         Reflect  .     r - +0 pair of gloves
SustAt .         Harm     .     (no boots)
MR     .....                    (no amulet)
Stlth  ++........               p - +3 ring of dexterity
                                u - ring of poison resistance

@: lethally poisoned (-6 -> -15), not resistant to hostile enchantments,
unstealthy
A: no striking features
a: no special abilities


You were on level 7 of the Dungeon.
You were full.

You visited 1 branch of the dungeon, and saw 7 of its levels.

You collected 337 gold pieces.

Inventory:

Hand Weapons
 g - a +3 mace of protection (weapon)
Armour
 k - a +0 leather armour (worn)
 m - a +0 cloak (worn)
 r - a +0 pair of gloves (worn)
Jewellery
 h - an uncursed ring of flight
 p - a +3 ring of dexterity (right hand)
 q - an uncursed ring of resist corrosion
 u - a ring of poison resistance (left hand)
Wands
 w - a wand of disintegration (16/24)
 y - a wand of disintegration (5/24)
 B - a wand of acid (2/15)
Scrolls
 n - 4 scrolls of remove curse
 o - a scroll of fog
 z - 2 scrolls of teleportation
Potions
 a - 4 potions of berserk rage
 e - 4 potions of curing
 f - a potion of brilliance
 i - 3 potions of flight
 j - a potion of cure mutation
 l - 2 potions of ambrosia
 s - 2 potions of haste
 t - a potion of agility
 v - a potion of heal wounds
Books
 b - a book of Flames

   Spells                             Type                      Level
   a - Flame Tongue                   Conjuration/Fire             1
   b - Throw Flame                    Conjuration/Fire             2
   c - Conjure Flame                  Conjuration/Fire             3
   d - Inner Flame                    Hexes/Fire                   3
   e - Sticky Flame                   Conjuration/Fire             4
   f - Fireball                       Conjuration/Fire             5
Miscellaneous
 x - a plain deck of defence
Comestibles
 c - 8 bread rations
 d - 2 meat rations


   Skills:
 + Level 4.3 Fighting
 + Level 3.1 Armour
 * Level 6.6 Dodging
 - Level 2.1 Stealth
 * Level 7.0 Spellcasting
 + Level 4.4 Conjurations
 + Level 3.7 Hexes
 + Level 4.6 Fire Magic


You had 4 spell levels left.
You knew the following spells:

 Your Spells              Type           Power        Failure   Level  Hunger
a - Flame Tongue          Conj/Fire      ####.        1%          1    None
b - Throw Flame           Conj/Fire      ####..       2%          2    None
c - Conjure Flame         Conj/Fire      ####....     8%          3    None
d - Inner Flame           Hex/Fire       ####....     10%         3    None
e - Sticky Flame          Conj/Fire      ####....     21%         4    ###....
f - Fireball              Conj/Fire      ####......   56%         5    #####..


Dungeon Overview and Level Annotations

Branches:
Dungeon (7/15)
 Temple: D:4-7

Altars:
Kikubaaqudgha
Nemelex Xobeh
Ru
The Shining One

Shops:
D:6 *

Annotations:
D:7 Sagrath01's ghost, novice DsIE


Message History

You closely miss Sagrath01's ghost.
Sagrath01's ghost is lightly damaged.
Sagrath01's ghost hits you but does no damage.
Sagrath01's ghost barely misses you.
Unknown command.
Unknown command.
Eat which item? (? for menu, Esc to quit)
Sagrath01's ghost casts a spell at you.
You are frozen.
* * * LOW HITPOINT WARNING * * *
You continue eating.
Sagrath01's ghost hits you!
* * * LOW HITPOINT WARNING * * *
You are lethally poisoned!
You continue eating.
* * * LOW HITPOINT WARNING * * *
You feel sick.
Sagrath01's ghost points at you and mumbles some strange words.
You are frozen.
You die...

.+ ###+#...# ## #.......
.# #......# .# '###
#......# .#
....##......###### .#
.....''.......%...#
+###... #..).........#
....... #...###W.....#
....... #...###@.....#
....# #............#
....######..............
.........#)......###....
.#.....#))###....# ....
.#.....##.# ####... ...
..).......# #.... ##
..........# #....
##..#.#...# ..


You could see Sagrath01's ghost.

Vanquished Creatures
  The ghost of Kidiri the Skirmisher, a novice DsCK of Xom (D:5)
  Edmund (D:5)
  A water moccasin (D:6)
  A black bear (D:6)
  An ogre (D:5)
  3 centaurs
  A big kobold (D:7)
  Blork the orc (D:4)
  A giant frog (D:6)
  3 scorpions
  A wasp zombie (D:5)
  5 crimson imps
  4 hounds
  2 orc priests
  Crazy Yiuf (D:3)
  An iguana (D:4)
  An orc wizard (D:5)
  Jessica (D:3)
  Terence (D:3)
  7 worker ants
  A howler monkey zombie (D:6)
  14 adders
  4 gnolls (D:3)
  A shadow imp (D:7)
  An adder skeleton (D:6)
  A dart slug (D:1)
  6 giant geckos
  15 orcs
  6 bats
  5 giant cockroaches
  9 goblins
  7 hobgoblins
  6 jackals (D:5)
  15 kobolds
  3 quokkas
  A ball python (D:2)
  A giant gecko skeleton (D:5)
  5 giant newts
  2 goblin skeletons (D:7)
  2 hobgoblin zombies (D:7)
  A kobold skeleton (D:7)
  3 kobold zombies (D:7)
  2 orc skeletons (D:7)
  9 rats
158 creatures vanquished.

Notes
Turn   | Place    | Note
--------------------------------------------------------------
     0 | D:1      | Kidiri the High Elf Fire Elementalist began the quest for the Orb.
     0 | D:1      | Reached XP level 1. HP: 11/11 MP: 4/4
   319 | D:1      | Reached XP level 2. HP: 18/18 MP: 4/6
   331 | D:1      | Learned a level 2 spell: Throw Flame
   619 | D:1      | You fall through a shaft!
   963 | D:1      | Reached skill level 1 in Fighting
  1057 | D:1      | Reached XP level 3. HP: 20/23 MP: 1/8
  1074 | D:1      | Learned a level 3 spell: Inner Flame
  1456 | D:2      | Found a sacrificial altar of Ru.
  1684 | D:2      | Reached skill level 3 in Spellcasting
  2006 | D:2      | Reached XP level 4. HP: 28/28 MP: 6/9
  2011 | D:2      | Learned a level 3 spell: Conjure Flame
  2484 | D:3      | Reached skill level 1 in Armour
  2491 | D:3      | Noticed Terence
  2493 | D:3      | Noticed Jessica
  2529 | D:3      | Killed Terence
  2875 | D:3      | Found an ancient bone altar of Kikubaaqudgha.
  2941 | D:3      | Reached XP level 5. HP: 33/33 MP: 0/11
  3151 | D:3      | Noticed Crazy Yiuf
  3203 | D:3      | Killed Crazy Yiuf
  3649 | D:3      | Killed Jessica
  3649 | D:3      | Reached skill level 4 in Spellcasting
  3993 | D:4      | Reached skill level 1 in Hexes
  3993 | D:4      | Reached XP level 6. HP: 15/39 MP: 0/13
  3999 | D:4      | Learned a level 4 spell: Sticky Flame
  4378 | D:4      | Noticed Blork the orc
  4388 | D:4      | Killed Blork the orc
  4651 | D:4      | Reached XP level 7. HP: 43/45 MP: 10/14
  4869 | D:5      | Entered Level 5 of the Dungeon
  5138 | D:5      | Reached skill level 5 in Spellcasting
  5594 | D:5      | Reached skill level 5 in Dodging
  6101 | D:5      | Noticed Kidiri's ghost (novice DsCK)
  6384 | D:5      | Killed Kidiri's ghost
  6384 | D:5      | Reached XP level 8. HP: 19/52 MP: 1/17
  6397 | D:5      | Learned a level 5 spell: Fireball
  6642 | D:5      | Noticed Edmund
  6692 | D:5      | Killed Edmund
  6692 | D:5      | Reached skill level 6 in Spellcasting
  8043 | D:6      | Found Logiyqyl's Serpentskin Sales.
  8062 | D:6      | Reached XP level 9. HP: 30/58 MP: 13/20
  8683 | D:7      | Found a sparkling altar of Nemelex Xobeh.
  8740 | D:7      | Found a glowing golden altar of the Shining One.
  8853 | D:7      | Reached skill level 7 in Spellcasting
  9038 | D:7      | Noticed Sagrath01's ghost (novice DsIE)
  9054 | D:7      | Killed from afar by Sagrath01's ghost

Vault maps used:
D:1:      dpeg_arrival_rhombi
D:2:      lemuel_crystal_altar, minmay_box_of_dots
D:3:      kiku_gazebo_pond_becter, uniq_jessica, uniq_crazy_yiuf_cottage,
          uniq_terence
D:4:      first_bread, minmay_misc_feat_tower, uniq_blork_the_orc
D:5:      minmay_misc_feat_tiny, uniq_edmund
D:6:      moated_statue, guppyfry_shop_venom
D:7:      nicolae_tso_besieged_by_evil, nemelex_deck,
          minmay_temple_entry_glassed_door, uniq_duvessa

Skill      XL: |  1  2  3  4  5  6  7  8  9 |
---------------+----------------------------+-----
Fighting       | 1 2 3 4 |  4.3
Spellcasting   | 3 4 5 6 7 |  7.0
Dodging        | 3 4 5 6 |  6.6
Armour         | 1 2 3 |  3.1
Conjurations   | 2 3 4 |  4.4
Hexes          | 1 2 3 |  3.7
Fire Magic     | 4 |  4.6
Stealth        | |  2.1

Action                   |  1- 3 |  4- 6 |  7- 9 || total
-------------------------+-------+-------+-------++-------
Melee: Short sword       |    58 |     1 |       ||    59
       Club              |     4 |       |       ||     4
       Mace              |       |    38 |   383 ||   421
 Cast: Flame Tongue      |    41 |    83 |   121 ||   245
       Throw Flame       |     4 |    29 |    19 ||    52
       Conjure Flame     |       |     5 |     4 ||     9
       Inner Flame       |       |     1 |     1 ||     2
       Sticky Flame      |       |     1 |    12 ||    13
  Use: Scroll            |       |    14 |     5 ||    19
       Potion            |       |     4 |     4 ||     8
 Stab: Sleeping          |     3 |       |     3 ||     6
  Eat: Chunk             |     4 |    10 |    12 ||    26
       Meat ration       |       |       |     2 ||     2
Armor: Robe              |     7 |       |       ||     7
       Leather armour    |    11 |    29 |   141 ||   181
       Skin              |       |       |    14 ||    14
Dodge: Dodged            |    61 |    60 |   405 ||   526
